 Dungeon Crawl Stone Soup version 0.32-a0-921-g04a7ad8e02 (webtiles) character file.

Game seed: 18342256158941737354

3265 Autsider the Cleaver (level 10, -14/82 HPs)
             Began as a Formicid Fighter on Apr 11, 2024.
             Was a Follower of Qazlal.
             Demolished by a cyclops (22 damage)
             ... on level 7 of the Dungeon.
             The game lasted 00:16:43 (6432 turns).

Autsider the Cleaver (Formicid Fighter)             Turns: 6432, Time: 00:16:44

Health: -14/82     AC: 15    Str: 26    XL:     10   Next: 19%
Magic:  12/12      EV:  5    Int:  7    God:    Qazlal [*.....]
Gold:   345        SH: 11    Dex: 13    Spells: 9/9 levels left

rFire   . . .        a - +0 war axe
rCold   . . .        H - +0 kite shield
rNeg    . . .        v - +0 plate armour
rPois   .            (helmet unavailable)
rElec   .            (no cloak)
rCorr   +            (no gloves)
SInv    +            n - +2 pair of boots
Will    ++...        r - amulet of regeneration Stlth
                     d - ring of resist corrosion
HPRegen 1.13/turn    D - ring of willpower
MPRegen 0.13/turn

%: no passive effects
@: no status effects
A: permanent stasis, dig shafts and tunnels, antennae 3, four strong arms
a: Dig, Shaft Self, Renounce Religion


You were on level 7 of the Dungeon.
You worshipped Qazlal.
Qazlal was aware of your devotion.
You visited 2 branches of the dungeon, and saw 9 of its levels.
You also visited: Ossuary.

You collected 345 gold pieces.

Inventory:

Hand Weapons
 a - a +0 war axe (weapon)
Missiles
 f - 4 curare-tipped darts
 g - 3 datura-tipped darts
 l - 7 poisoned darts
Armour
 n - a +2 pair of boots (worn)
 v - a +0 plate armour (worn)
 H - a +0 kite shield (worn)
Magical Staves
 e - a staff of earth
Jewellery
 d - a ring of resist corrosion (left hand)
 r - an amulet of regeneration (around neck)
 u - a ring of magical power
 x - an amulet of guardian spirit
 D - a ring of willpower (right hand)
Wands
 c - a wand of iceblast (8)
 z - a wand of mindburst (7)
 G - a wand of acid (11)
Scrolls
 b - a scroll of amnesia {unknown}
 h - 2 scrolls of butterflies
 k - a scroll of enchant weapon {unknown}
 o - 2 scrolls of noise
 p - a scroll of brand weapon {unknown}
 q - 2 scrolls of immolation {unknown}
 s - 2 scrolls of enchant armour
 y - a scroll of revelation {unknown}
 E - a scroll of fog {unknown}
Potions
 j - 2 potions of curing {@q1}
 m - 3 potions of brilliance
 t - 2 potions of attraction
 w - a potion of mutation
 A - a potion of lignification
 B - 2 potions of cancellation
 F - a potion of enlightenment {unknown}


   Skills:
 + Level 8.5 Fighting
 * Level 10.4 Axes
 - Level 5.0 Armour
 - Level 6.0 Shields
 + Level 3.7 Invocations


You had 9 spell levels left.
You didn't know any spells.
Your spell library contained the following spells:

 Spells                   Type           Power      Damage    Failure   Level
 Summon Small Mammal      Summ           0%         N/A       100%        1
 Call Canine Familiar     Summ           0%         N/A       100%        3
 Dazzling Flash           Conj/Hex       0%         N/A       100%        3
 Summon Ice Beast         Ice/Summ       0%         N/A       100%        3
 Summon Blazeheart Golem  Fire/Summ      0%         N/A       100%        4
 Summon Mana Viper        Hex/Summ       0%         N/A       100%        5
 Starburst                Conj/Fire      0%         6d3       100%        6
 Monstrous Menagerie      Summ           0%         N/A       100%        7
 Maxwell's Capacitive Co  Air            0%         ∞         100%        8


Dungeon Overview and Level Annotations

Branches:
Dungeon (8/15)             Temple (1/1) D:5         Ossuary (visited)
   Lair: D:8-11

Altars:
Ashenzari
Dithmenos
Elyvilon
Fedhas
Gozag
Kikubaaqudgha
Makhleb
Nemelex Xobeh
Qazlal
Ru
Sif Muna
Trog
Uskayaw
Vehumet
Wu Jian
Xom
Yredelemnul
Zin
The Shining One

Shops:
D:7 (

Annotations:
D:7 2 exclusions


Innate Abilities, Weirdness & Mutations

You cannot be hasted, slowed, berserked, paralysed or teleported.
You can dig through walls and to a lower floor.
You have a pair of large antennae on your head. (SInv)
Your four strong arms can wield two-handed weapons with a shield.


Message History

The killer bee poisons you!
The killer bee stings you but does no damage.
You block the killer bee's attack.
You slash the cyclops!
The cyclops is moderately wounded.
You hit the killer bee.
You kill the killer bee!
Qazlal accepts your kill.
You feel sick. The killer bee stings you.
* * * LOW HITPOINT WARNING * * *
You hit the cyclops.
The cyclops is moderately wounded.
You slash the killer bee!
You kill the killer bee!
Qazlal accepts your kill.
You feel sick.
Training target 6.0 for Shields reached!
Your Shields skill increases to level 6!
You hit the cyclops.
The cyclops is heavily wounded.
You feel sick. The cyclops barely misses you.
You hit the cyclops.
The cyclops is heavily wounded.
You feel sick. You block the cyclops's attack.
You hit the cyclops but do no damage.
The cyclops is heavily wounded.
You feel sick.
You barely miss the cyclops.
The cyclops is heavily wounded.
You feel sick.
You are no longer poisoned.
You block the cyclops's attack.
You slash the cyclops!
The cyclops is severely wounded.
The cyclops hits you!!
* * * LOW HITPOINT WARNING * * *
You slash the cyclops!
The cyclops is almost dead.
The cyclops hits you!!
You die...

######
#.bbb###################
#b.bb#............#....#
#bbbb#............#....#
#bbbb#######@###..##..#######
#####....###C.######'##......
#....#..............#....
#....+..............#....
#....#'##+##'########....
#........................
#........................
#...............>........
#........................


You could see a cyclops.

Vanquished Creatures
  Pikel (D:4)
  2 wyverns
  A black bear (D:6)
  An ice beast (D:7)
  3 ogres
  2 lemures
  3 centaurs
  2 phantoms
  5 scorpions
  2 jellies (D:7)
  8 killer bees
  2 bullfrog zombies (Ossuary)
  3 hounds
  An orc priest (D:3)
  2 bombardier beetles
  An iguana (D:4)
  2 orc wizards
  Natasha (thrice) (D:3 D:2)
  A killer bee zombie (Ossuary)
  3 crocodile zombies (Ossuary)
  7 hound zombies (Ossuary)
  5 mummies
  6 howler monkey zombies (Ossuary)
  8 adders
  4 gnolls (D:6)
  A shadow imp (D:7)
  A white imp (D:8)
  2 ufetubi
  4 dart slugs
  A ribbon worm (D:2)
  18 orcs
  4 ball pythons
  5 bats
  7 endoplasms
  2 giant cockroaches
  6 goblins
  9 hobgoblins
  9 kobolds
  4 quokkas
  7 ball python zombies (Ossuary)
  2 frilled lizards
  A kobold zombie (D:5)
  An orc zombie (D:5)
  9 rats
171 creatures vanquished.

Notes
Turn   | Place    | Note
-------+----------+-------------------------------------------
     0 | D:1      | Autsider the Formicid Fighter began the quest for the Orb.
     0 | D:1      | Reached XP level 1. HP: 18/18 MP: 1/1
    81 | D:1      | Reached XP level 2. HP: 24/24 MP: 2/2
   294 | D:1      | Reached XP level 3. HP: 26/30 MP: 3/3
   316 | D:1      | Reached skill level 3 in Axes
   838 | D:1      | Reached XP level 4. HP: 25/37 MP: 4/4
  1075 | D:2      | Reached skill level 4 in Axes
  1237 | D:2      | Reached XP level 5. HP: 42/42 MP: 5/5
  1550 | D:3      | Noticed Natasha
  1554 | D:3      | Killed Natasha
  1805 | D:3      | Reached XP level 6. HP: 35/49 MP: 6/6
  2079 | D:3      | Reached skill level 5 in Fighting
  2079 | D:3      | Reached skill level 5 in Axes
  2526 | D:3      | Noticed Natasha
  2531 | D:3      | Killed Natasha
  2716 | D:3      | Noticed Natasha
  2738 | D:2      | Killed Natasha
  3121 | D:4      | Reached XP level 7. HP: 56/56 MP: 7/7
  3413 | D:4      | Reached skill level 6 in Axes
  3743 | D:5      | Entered Level 5 of the Dungeon
  3822 | D:5      | Noticed Pikel
  3860 | D:4      | HP: 2/57 [ogre/+0 giant club (26)]
  3933 | D:4      | Killed Pikel
  3934 | D:4      | Reached skill level 7 in Axes
  3934 | D:4      | Reached XP level 8. HP: 38/65 MP: 8/8
  3979 | D:5      | Found a sand-covered staircase.
  3986 | Ossuary  | Entered an ossuary
  4104 | Ossuary  | Reached skill level 5 in Armour
  4114 | Ossuary  | Reached skill level 8 in Axes
  4230 | Ossuary  | Reached XP level 9. HP: 72/72 MP: 9/9
  4565 | D:5      | Reached skill level 9 in Axes
  4722 | D:5      | Found a staircase to the Ecumenical Temple.
  4740 | Temple   | Entered the Ecumenical Temple
  4747 | Temple   | Became a worshipper of Qazlal Stormbringer
  4912 | D:6      | Reached skill level 1 in Invocations
  5844 | D:7      | Reached skill level 5 in Shields
  5914 | D:7      | Noticed an unseen horror
  5914 | D:7      | Noticed a deep elf pyromancer
  6120 | D:7      | Found Maehoe's Antique Weapon Emporium.
  6156 | D:7      | Reached skill level 10 in Axes
  6156 | D:7      | Reached XP level 10. HP: 72/80 MP: 12/12
  6243 | D:7      | Reached * piety under Qazlal
  6400 | D:7      | Noticed a cyclops
  6432 | D:7      | Demolished by a cyclops

Illustrated notes

Levels and vault maps discovered:
D:1:      mrwooster_arrival_statue_3, layout_loops_ring, minmay_unequal
D:2:      layout_rooms
D:3:      layout_loops_cross, serial_co_window_serial, co_window_paths_a,
          co_window_paths_a, co_window_paths_b, co_window_paths_b,
          co_window_cross_1, co_window_corner_a, co_window_corner_a,
          co_window_paths_c, co_window_paths_c, co_window_broadway_b,
          co_window_unsneaky_path_e, co_window_cross_4, co_window_2corner,
          co_window_paths_e, glass_columns_b, glass_columns_a, glass_columns_a,
          chequers_serial_rivers_small_3, minmay_crystal_room,
          serial_park_tiny_1, uniq_natasha
D:4:      layout_loops_ring
D:5:      layout_basic, minmay_temple_entry_water_ring,
          nicolae_ossuary_entry_giza, palyth_stone_intersect, uniq_pikel
D:6:      layout_rooms, feat_on_display
D:7:      nzn_winding_woodlands_small [nzn_winding_woodlands_5x15_default,
          nzn_winding_woodlands_center_lodge, nzn_winding_woodlands_5x15_cabin],
          layout_gridville, serial_shops, nicolae_shop_rolling_square
D:8:      layout_rooms, mainiacjoe_overflow_divided_tiny
Temple:   nicolae_temple_bog_church

Skill      XL: |  1  2  3  4  5  6  7  8  9 10 |
---------------+-------------------------------+-----
Axes           | 3 4 5 7 8 10 | 10.4
Fighting       | 4 5 6 7 8 |  8.5
Armour         | 4 5 |  5.0
Invocations    | 3 |  3.7
Shields        | 5 6 |  6.0

Action                     |  1- 3 |  4- 6 |  7- 9 | 10-12 || total
---------------------------+-------+-------+-------+-------++-------
  Melee: War axe           |    87 |   143 |   356 |    61 ||   647
    Use: Potion            |       |     4 |       |     2 ||     6
         Scroll            |       |       |    12 |       ||    12
 Armour: Scale mail        |    59 |       |       |       ||    59
         Chain mail        |    21 |   127 |    15 |       ||   163
         Plate armour      |       |       |   305 |    96 ||   401
  Dodge: Dodged            |    45 |    47 |    97 |    29 ||   218
  Block: Buckler           |    31 |    38 |    46 |       ||   115
         Kite shield       |       |       |    64 |    71 ||   135

Table legend: (Time is in decaauts)
 A = Elapsed time spent in this place.
 B = Non-inter-level travel time spent in this place.
 C = Inter-level travel time spent in this place.
 D = Time resting spent in this place.
 E = Time spent auto-exploring this place.
 F = Levels seen in this place.
 G = Mean time per level.
                   A        B        C        D        E       F      G
               +--------+--------+--------+--------+--------+-----+--------+
         Total |   6579 |   6340 |    239 |    566 |   4066 |  10 |  657.9 |
       Dungeon |   6203 |   5977 |    226 |    566 |   3932 |   8 |  775.4 |
        Temple |     14 |      1 |     13 |      0 |      0 |   1 |   14.0 |
       Ossuary |    361 |    361 |      0 |      0 |    134 |   1 |  361.0 |
               +--------+--------+--------+--------+--------+-----+--------+

Top non-repeatable levels by time:
     D:3: 1661 daAuts
     D:1: 918 daAuts
     D:6: 832 daAuts
     D:4: 799 daAuts
     D:7: 734 daAuts
     D:5: 602 daAuts
     D:2: 597 daAuts
 Ossuary: 361 daAuts
     D:8: 56 daAuts
  Temple: 14 daAuts
